 Dungeon Crawl Stone Soup version 0.23-a0-445-g768d57b80b (webtiles) character file.

2132 Abish the Cleaver (level 9, -1/78 HPs)
             Began as a Minotaur Fighter on Nov 17, 2018.
             Was a Believer of Okawaru.
             Slain by an orc warrior
             ... wielding a +0 halberd
              (12 damage)
             ... in a bailey.
             The game lasted 00:11:56 (6120 turns).

Abish the Cleaver (Minotaur Fighter)                Turns: 6120, Time: 00:11:59

Health: -1/78      AC:  9    Str: 24    XL:     9   Next: 9%
Magic:  8/8        EV:  7    Int:  3    God:    Okawaru [**....]
Gold:   453        SH: 11    Dex: 10    Spells: 8/8 levels left

rFire    . . .     SeeInvis .   a - +1 war axe
rCold    . . .     Gourm    .   c - +0 shield
rNeg     . . .     Faith    .   y - +0 plate armour
rPois    +         Spirit   .   (helmet restricted)
rElec    .         Reflect  .   (no cloak)
rCorr    .         Harm     .   (no gloves)
MR       .....                  (no boots)
Stlth    ..........             (no amulet)
HPRegen  0.23/turn              g - +1 ring of protection
MPRegen  0.11/turn              t - ring of poison resistance

@: hasted, very quick
A: retaliatory headbutt, horns 2, deformed body, dopey 1, wild magic 1
a: Heroism, Renounce Religion


You were in a bailey.
You worshipped Okawaru.
Okawaru was pleased with you.
You were not hungry.

You visited 2 branches of the dungeon, and saw 8 of its levels.
You also visited: Bailey.

You collected 453 gold pieces.

Inventory:

Hand Weapons
 a - a +1 war axe (weapon)
 m - a +1 flail of venom
Missiles
 q - 2 throwing nets (quivered)
Armour
 b - a +0 scale mail
 c - a +0 shield (worn)
 y - a +0 plate armour (worn)
Jewellery
 g - a +1 ring of protection (left hand)
 t - a ring of poison resistance (right hand)
Wands
 k - a wand of digging (8)
 r - a wand of paralysis (4)
 z - a wand of acid (2)
Scrolls
 e - 5 scrolls of teleportation
 h - a scroll of fear
 o - a scroll of magic mapping
 p - 3 scrolls of identify
 s - a scroll of blinking
 v - 3 scrolls of remove curse
Potions
 d - 2 potions of might
 i - 2 potions of invisibility
 j - 5 potions of curing
 l - a potion of haste
 n - a potion of flight
 A - a potion of cancellation
Comestibles
 f - 16 rations


   Skills:
 + Level 6.9 Fighting
 * Level 8.6 Axes
 + Level 6.8 Armour
 + Level 5.0 Dodging
 + Level 7.0 Shields


You had 8 spell levels left.
You didn't know any spells.
Your spell library contained the following spells:

 Spells                   Type           Power        Failure   Level  Hunger
 Animate Skeleton         Necr           N/A          100%        1    ##.....
 Apportation              Tloc           #.....       100%        1    ##.....
 Confusing Touch          Hex            #.....       100%        1    ##.....
 Freeze                   Ice            #...         100%        1    ##.....
 Sandblast                Erth           #.....       100%        1    ##.....
 Summon Small Mammal      Summ           #...         100%        1    ##.....
 Passwall                 Tmut/Erth      #.......     100%        2    ###....
 Throw Frost              Conj/Ice       #.....       100%        2    ###....
 Ozocubu's Armour         Chrm/Ice       #.......     100%        3    ####...
 Stone Arrow              Conj/Erth      #.....       100%        3    ####...
 Petrify                  Tmut/Erth      #.......     100%        4    #####..
 Summon Ice Beast         Ice/Summ       #.......     100%        4    #####..
 Throw Icicle             Conj/Ice       #.......     100%        4    #####..
 Lee's Rapid Deconstruct  Erth           #.........   100%        5    ######.


Dungeon Overview and Level Annotations

Branches:
Dungeon (7/15)             Temple (1/1) D:4

Altars:
Ashenzari
Cheibriados
Dithmenos
Elyvilon
Fedhas
Gozag
Hepliaklqana
Kikubaaqudgha
Makhleb
Nemelex Xobeh
Okawaru
Qazlal
Ru
Sif Muna
Trog
Uskayaw
Vehumet
Xom
Yredelemnul
Zin
The Shining One


Innate Abilities, Weirdness & Mutations

You reflexively headbutt those who attack you in melee.
You have a pair of horns on your head.
Armour fits poorly on your strangely shaped body.
You are dopey. (Int -2)
Your spells are a little harder to cast, but a little more powerful.


Message History

Things that are here:
a +0 halberd; a +0 chain mail; an orc corpse You hit the orc warrior.
The orc warrior is almost dead.
You slash the orc!
You kill the orc!
Okawaru accepts your kill.
You closely miss the orc. The orc hits you with a +0 trident.
* * * LOW HITPOINT WARNING * * *
You miss the orc warrior.
The orc warrior is almost dead.
Your shield and plate armour prevent you from hitting the orc.
You block the orc warrior's attack.
You hit the orc warrior but do no damage.
The orc warrior is almost dead.
You slash the orc!
You kill the orc!
Okawaru accepts your kill.
The orc warrior hits you with a +0 halberd!
You die...

###'###
#...#
#...#
#...#
#...#
###'###
##.....##
#.))....#
#.)@)...#
#))o....#
#..)....#
#.......#
##.....##
##+++##


You could see an orc warrior.

Vanquished Creatures
  Menkaure (D:4)
  An ice beast (D:6)
  A sky beast (D:7)
  5 orc warriors
  An ogre (D:4)
  A phantom (D:4)
  3 centaurs (D:6)
  2 bullfrogs (D:6)
  3 scorpions
  2 howler monkeys
  2 crimson imps
  A hound (D:4)
  3 orc priests
  A centaur skeleton (D:6)
  3 orc wizards
  4 worker ants
  A killer bee zombie (D:7)
  5 adders
  3 shadow imps
  An ooze (D:4)
  An adder skeleton (D:4)
  2 worms
  3 dart slugs
  7 leopard geckos
  32 orcs
  5 bats
  4 giant cockroaches
  7 goblins
  A hobgoblin (D:1)
  7 jackals
  8 kobolds
  2 quokkas
  3 ball pythons
  5 frilled lizards
  A quokka skeleton (D:4)
  7 rats
139 creatures vanquished.

Notes
Turn   | Place    | Note
-------+----------+-------------------------------------------
     0 | D:1      | Abish the Minotaur Fighter began the quest for the Orb.
     0 | D:1      | Reached XP level 1. HP: 19/19 MP: 0/0
   270 | D:1      | Reached XP level 2. HP: 26/27 MP: 1/1
   330 | D:1      | Reached skill level 3 in Axes
   700 | D:1      | Reached XP level 3. HP: 31/33 MP: 2/2
   849 | D:2      | Found an opulent altar of Gozag.
   849 | D:2      | Found a shadowy altar of Dithmenos.
   877 | D:2      | Found a faded altar of an unknown god.
   894 | D:2      | Reached skill level 1 in Dodging
  1418 | D:2      | Reached XP level 4. HP: 40/40 MP: 3/3
  1782 | D:3      | Reached skill level 4 in Axes
  2368 | D:4      | Noticed Menkaure
  2372 | D:4      | Killed Menkaure
  2372 | D:4      | Reached XP level 5. HP: 24/47 MP: 4/4
  2530 | D:4      | Found a staircase to the Ecumenical Temple.
  2551 | Temple   | Entered the Ecumenical Temple
  2582 | Temple   | Became a worshipper of Warmaster Okawaru
  2713 | D:4      | Reached XP level 6. HP: 53/53 MP: 5/5
  2741 | D:4      | Reached skill level 5 in Axes
  2890 | D:4      | Reached skill level 5 in Fighting
  2890 | D:4      | Reached skill level 5 in Armour
  2890 | D:4      | Reached skill level 5 in Shields
  3122 | D:4      | Reached * piety under Okawaru
  3122 | D:4      | Reached XP level 7. HP: 51/61 MP: 6/6
  3315 | D:5      | Entered Level 5 of the Dungeon
  3321 | D:5      | Reached skill level 6 in Axes
  3766 | D:5      | Gained mutation: Armour fits poorly on your strangely
                  | shaped body. [potion of mutation]
  3766 | D:5      | Gained mutation: You are dopey. (Int -2) [potion of
                  | mutation]
  3766 | D:5      | Gained mutation: Your spells are a little harder to cast,
                  | but a little more powerful. [potion of mutation]
  4786 | D:6      | Reached XP level 8. HP: 35/70 MP: 7/7
  4793 | D:6      | Reached skill level 7 in Axes
  5084 | D:6      | Found a stormy altar of Qazlal.
  5246 | D:6      | Reached ** piety under Okawaru
  5540 | D:6      | Reached skill level 8 in Axes
  5656 | D:7      | Found a flagged portal.
  5673 | Bailey   | Entered a bailey
  6106 | Bailey   | Reached XP level 9. HP: 30/78 MP: 8/8
  6114 | Bailey   | Reached skill level 5 in Dodging
  6120 | Bailey   | Slain by an orc warrior

Vault maps used:
D:1:      dpeg_arrival_castle
D:2:      grunt_temple_overflow_open, chequers_ecumenical_altar_island
D:3:      minmay_misc_feat_room
D:4:      minmay_temple_entry_mist, uniq_menkaure
D:5:      first_ration
D:6:      lemuel_crystal_altar
D:7:      kennysheep_mini, enter_bailey_2, the_bakery
Temple:   compressed_dpeg_circular_temple
Bailey:   bailey_polearm_5, bailey

Skill      XL: |  1  2  3  4  5  6  7  8  9 |
---------------+----------------------------+-----
Axes           | 3 4 5 6 8 |  8.6
Fighting       | 4 5 6 |  6.9
Dodging        | 1 2 3 4 5 |  5.0
Shields        | 4 5 6 7 |  7.0
Armour         | 4 5 6 |  6.8

Action                   |  1- 3 |  4- 6 |  7- 9 || total
-------------------------+-------+-------+-------++-------
Melee: War axe           |   101 |   131 |   142 ||   374
       Headbutt          |    13 |    23 |    26 ||    62
Evoke: Wand              |       |       |     9 ||     9
  Use: Scroll            |       |       |    17 ||    17
       Potion            |       |       |     6 ||     6
  Eat: Chunk             |       |     7 |     5 ||    12
       Ration            |       |       |     2 ||     2
Armor: Scale mail        |    55 |    41 |    12 ||   108
       Plate armour      |       |       |    48 ||    48
       Skin              |       |       |    33 ||    33
Dodge: Dodged            |    30 |    59 |    55 ||   144
Block: Shield            |    54 |    59 |   130 ||   243

Table legend:
 A = Non-vault XP
 B = Vault XP
 C = Vault XP percentage of total XP
 D = Non-vault monster count
 E = Vault monster count
 F = Vault count percentage of total count
                 A         B        C        D         E       F
            +---------+---------+-------+---------+---------+-------
      Total |    2285 |     761 |  25.0 |     115 |      24 |  17.3
            +---------+---------+-------+---------+---------+-------
        D:1 |      41 |       0 |   0.0 |      22 |       0 |   0.0
        D:2 |      81 |       0 |   0.0 |      14 |       0 |   0.0
        D:3 |      41 |       0 |   0.0 |      22 |       0 |   0.0
        D:4 |     636 |     169 |  21.0 |      22 |       1 |   4.3
        D:5 |     282 |       0 |   0.0 |      14 |       0 |   0.0
        D:6 |    1038 |       0 |   0.0 |      18 |       0 |   0.0
        D:7 |     166 |       0 |   0.0 |       3 |       0 |   0.0
     Bailey |       0 |     592 | 100.0 |       0 |      23 | 100.0
            +---------+---------+-------+---------+---------+-------
